 Dungeon Crawl Stone Soup version 0.27-a0-1193-g8631133539 (webtiles) character file.

Game seed: 5771486783993163119

105 pokeman the Magician (level 4, -8/25 HPs)
             Began as a Deep Elf Hedge Wizard on May 26, 2021.
             Mangled by an ogre
             ... wielding a +0 giant club
              (24 damage)
             ... on level 3 of the Dungeon.
             The game lasted 00:05:00 (3308 turns).

pokeman the Magician (Deep Elf Hedge Wizard)        Turns: 3308, Time: 00:05:01

Health: -8/25      AC:  5    Str:  7    XL:     4   Next: 53%
Magic:  7/13       EV: 12    Int: 20    God:
Gold:   133        SH:  0    Dex: 14    Spells: 3/14 levels left

rFire    . . .     SeeInvis .   m - +2 dagger (holy)
rCold    . . .     Faith    .   (no shield)
rNeg     . . .     Spirit   .   f - +0 leather armour
rPois    .         Reflect  .   g - +1 helmet
rElec    .         Harm     .   (no cloak)
rCorr    .         Rampage  .   (no gloves)
Will     .....                  (no boots)
Stlth    ++........             (no amulet)
HPRegen  0.08/turn              (no ring)
MPRegen  0.13/turn              (no ring)

@: no status effects
A: no striking features
a: no special abilities


You were on level 3 of the Dungeon.
You visited 1 branch of the dungeon, and saw 3 of its levels.

You collected 133 gold pieces.

Inventory:

Hand Weapons
 m - a +2 dagger of holy wrath (weapon)
Missiles
 d - 67 arrows
Armour
 f - a +0 leather armour (worn)
 g - a +1 helmet (worn)
Wands
 a - a wand of polymorph (8)
 j - a wand of flame (15)
Scrolls
 b - a scroll of brand weapon {unknown}
 c - a scroll of teleportation {unknown}
 e - a scroll of fear {unknown}
 i - a scroll of identify {unknown}
 k - a scroll of silence {unknown}
 l - a scroll of enchant weapon {unknown}
Potions
 h - a potion of curing {unknown}


   Skills:
 - Level 1.0 Fighting
 - Level 1.0 Armour
 + Level 2.8 Dodging
 - Level 2.4 Stealth
 * Level 5.8 Spellcasting
 + Level 2.2 Conjurations
 - Level 1.1 Summonings
 - Level 1.1 Translocations
 + Level 0.8 Fire Magic


You had 3 spell levels left.
You knew the following spells:

 Your Spells              Type           Power      Damage    Failure   Level
a - Magic Dart            Conj           56%        1d5       6%          1
b - Mephitic Cloud        Conj/Pois/Air  8%         N/A       34%         3
c - Call Imp              Summ           10%        N/A       16%         2
d - Blink                 Tloc           N/A        N/A       16%         2
e - Conjure Flame         Conj/Fire      12%        6-21      24%         3

Your spell library contained the following spells:

 Spells                   Type           Power      Damage    Failure   Level
 Slow                     Hex            5%         N/A       24%         2


Dungeon Overview and Level Annotations

Branches:
Dungeon (3/15)

Altars:


Message History

Press: ? - help, Shift-Dir - straight line, f - ogre
Aim: an ogre, wielding a +0 giant club (chance to affect: 77%)
The ball explodes into a vile cloud!
The stinking cloud engulfs the ogre but does no damage.
The ogre is engulfed in noxious fumes.
The ogre appears confused.
The ogre says, "I'm a little confused."
Unknown command.
You hit the ogre.
The ogre is lightly wounded.
The ogre is engulfed in noxious fumes.
The ogre appears confused.
The ogre hits you with a +0 giant club!
You hit the ogre.
The ogre is lightly wounded.
The ogre is engulfed in noxious fumes.
The ogre appears confused.
Casting: Mephitic Cloud (extremely dangerous; 34% risk of failure)
Confirm with . or Enter, or press ? or * to list all spells.
Aiming: Magic Dart (safe; 6% risk of failure)
Press: ? - help, Shift-Dir - straight line, f/p - ogre
Aim: an ogre, wielding a +0 giant club (noxious fumes, moderately wounded, confused, 100% to hit)
The magic dart hits the ogre.
The ogre is moderately wounded.
Casting: Magic Dart (safe; 6% risk of failure)
Confirm with . or Enter, or press ? or * to list all spells.
Aiming: Magic Dart (safe; 6% risk of failure)
Press: ? - help, Shift-Dir - straight line, f/p - ogre
Aim: an ogre, wielding a +0 giant club (moderately wounded, confused, 100% to hit)
The magic dart hits the ogre.
The ogre is heavily wounded.
The ogre wonders, "What am I doing in here?"
You barely miss the ogre.
The ogre is heavily wounded.
Number of times to repeat, then command key: You must enter the number of times for the command to repeat.
Unknown command.
Unknown command.
You hit the ogre.
The ogre is heavily wounded.
The ogre hits you with a +0 giant club!!
Ouch! That really hurt!
You die...

#.# #.# ##.#######
#......... #.........
#......... #.........
#.@....... #.O.....?.
#.........
####'#######
#.........#
#.........###########
#.........#.......<..
#.........#)#########
#.........#.# #.


You could see an ogre (confused).

Vanquished Creatures
  Ijyb (D:3)
  2 adders (D:2)
  A worm (D:2)
  A dart slug (D:1)
  5 ball pythons
  5 bats
  An endoplasm (D:1)
  2 giant cockroaches (D:1)
  3 hobgoblins
  9 jackals
  3 quokkas (D:1)
  2 frilled lizards
  6 goblins
  7 kobolds
  4 rats
52 creatures vanquished.

Notes
Turn   | Place    | Note
-------+----------+-------------------------------------------
     0 | D:1      | pokeman the Deep Elf Hedge Wizard began the quest for the
                  | Orb.
     0 | D:1      | Reached XP level 1. HP: 10/10 MP: 7/7
   201 | D:1      | Reached XP level 2. HP: 15/15 MP: 0/9
   375 | D:1      | Found a faded altar of an unknown god.
   599 | D:1      | Reached skill level 5 in Spellcasting
   829 | D:1      | Reached XP level 3. HP: 20/20 MP: 7/11
   833 | D:1      | Learned a level 3 spell: Mephitic Cloud
   836 | D:1      | Learned a level 2 spell: Call Imp
   839 | D:1      | Learned a level 2 spell: Blink
   843 | D:1      | Learned a level 3 spell: Conjure Flame
  1572 | D:2      | Reached skill level 1 in Armour
  1951 | D:2      | Reached skill level 1 in Fighting
  2238 | D:2      | Reached XP level 4. HP: 17/25 MP: 4/13
  2973 | D:3      | Noticed Ijyb
  2987 | D:3      | Killed Ijyb
  3300 | D:3      | Noticed an ogre
  3308 | D:3      | Mangled by an ogre

Illustrated notes

Levels and vault maps discovered:
D:1:      scummos_arrival_simple_crosswalls, layout_basic,
          shapermc_ecumenical_altar_mp_ritualfount
D:2:      layout_basic, lightli_corner_chamber
D:3:      layout_basic, uniq_ijyb

Skill      XL: |  1  2  3 |
---------------+----------+-----
Spellcasting   | 5 |  5.8
Armour         | 1 |  1.0
Fighting       | 1 |  1.0
Conjurations   | 2 |  2.2
Dodging        | |  2.8
Stealth        | |  2.4
Summonings     | |  1.1
Translocations | |  1.1
Fire Magic     | |  0.8

Action                   |  1- 3 |  4- 6 || total
-------------------------+-------+-------++-------
Melee: Dagger            |    41 |    14 ||    55
 Cast: Magic Dart        |   119 |    23 ||   142
       Mephitic Cloud    |       |     2 ||     2
       Blink             |       |     1 ||     1
 Stab: Confused          |       |     4 ||     4
Armor: Leather armour    |    21 |     2 ||    23
Dodge: Dodged            |    42 |     6 ||    48

Table legend: (Time is in decaauts)
 A = Elapsed time spent in this place.
 B = Non-inter-level travel time spent in this place.
 C = Inter-level travel time spent in this place.
 D = Time resting spent in this place.
 E = Time spent auto-exploring this place.
 F = Levels seen in this place.
 G = Mean time per level.
                   A        B        C        D        E       F      G
               +--------+--------+--------+--------+--------+-----+--------+
         Total |   3307 |   3195 |    112 |      0 |   2836 |   3 | 1102.3 |
       Dungeon |   3307 |   3195 |    112 |      0 |   2836 |   3 | 1102.3 |
               +--------+--------+--------+--------+--------+-----+--------+

Top non-repeatable levels by time:
     D:2: 1288 daAuts
     D:1: 1245 daAuts
     D:3: 773 daAuts
